 Dungeon Crawl Stone Soup version 0.30-a0-802-gb92711bcdf (webtiles) character file.

Game seed: 7813465182665378453

408 bande the Chopper (level 6, -2/38 HPs)
             Began as a Gargoyle Fighter on Feb 24, 2023.
             Slain by an ogre
             ... wielding a +0 giant spiked club
              (21 damage)
             ... on level 6 of the Dungeon.
             The game lasted 00:04:34 (2903 turns).

bande the Chopper (Gargoyle Fighter)                Turns: 2903, Time: 00:04:35

Health: -2/38      AC: 13    Str: 19    XL:     6   Next: 88%
Magic:  6/6        EV:  9    Int:  9    God:
Gold:   96         SH:  5    Dex: 17    Spells: 4/5 levels left

rFire   . . .      SeeInvis .    a - +0 war axe
rCold   . . .      Faith    .    c - +0 buckler
rNeg    + . .      Spirit   .    b - +0 scale mail
rPois   ∞          Reflect  .    (no helmet)
rElec   +          Harm     .    (no cloak)
rCorr   .          Rampage  .    (no gloves)
Will    .....                    m - +1 pair of boots Stlth
                                 (no amulet)
HPRegen 0.26/turn                l - +6 ring of dexterity
MPRegen 0.10/turn                (no ring)

@: no status effects
A: sickness immunity, AC +4, negative energy resistance 1, electricity
resistance, torment resistance 1, petrification resistance
a: no special abilities


You were on level 6 of the Dungeon.
You visited 1 branch of the dungeon, and saw 4 of its levels.
You also visited: Sewer.

You collected 108 gold pieces.
You spent 12 gold pieces at shops.

Inventory:

Hand Weapons
 a - a +0 war axe (weapon)
Armour
 b - a +0 scale mail (worn)
 c - a +0 buckler (worn)
 m - a +1 pair of boots (worn)
Jewellery
 g - an amulet of reflection
 j - a ring of resist corrosion
 l - a +6 ring of dexterity (left hand)
Scrolls
 r - 2 scrolls of identify
Potions
 d - 3 potions of might
 e - 2 potions of curing
 f - 2 potions of flight {unknown}
 h - a potion of attraction {unknown}
 i - 2 potions of haste {unknown}
 k - a potion of invisibility {unknown}
 n - a potion of resistance {unknown}
 o - a potion of mutation {unknown}
 p - a potion of magic {unknown}
 q - 2 potions of brilliance {unknown}


   Skills:
 + Level 4.1 Fighting
 + Level 4.6 Axes
 + Level 4.3 Armour
 + Level 4.0 Shields
 * Level 2.2 Translocations


You had 4 spell levels left.
You knew the following spells:

 Your Spells              Type           Power      Damage    Failure   Level
a - Apportation           Tloc           6%         N/A       54%         1

Your spell library contained the following spells:

 Spells                   Type           Power      Damage    Failure   Level
 Necrotise                Necr           0%         1d4       83%         1
 Sandblast                Erth           0%         2d4       83%         1
 Summon Small Mammal      Summ           0%         N/A       83%         1
 Passwall                 Tmut/Erth      0%         N/A       93%         2
 Stone Arrow              Conj/Erth      0%         3d7       99%         3


Dungeon Overview and Level Annotations

Branches:
Dungeon (3/15)              Sewer (visited)

Altars:
Ashenzari

Shops:
D:2 !   D:3 *   D:6 *


Innate Abilities, Weirdness & Mutations

You are immune to sickness and miasma.
Your stone body is resilient. (AC +4)
You are immune to poison.
You resist negative energy. (rN+)
You are resistant to electric shocks. (rElec)
You are resistant to unholy torment.
You are immune to petrification.


Message History

Found Mubotzas's General Store.
An ogre is nearby!
The ogre barely misses you.
You slash the ogre!
The ogre is heavily wounded.
The ogre barely misses you.
You barely miss the ogre.
The ogre is heavily wounded.
The ogre barely misses you.
You hit the ogre.
The ogre is heavily wounded.
The ogre closely misses you.
You completely miss the ogre.
The ogre is heavily wounded.
The ogre hits you with a +0 giant spiked club.
You hit the ogre.
The ogre is severely wounded.
You block the ogre's attack.
You hit the ogre but do no damage.
The ogre is severely wounded.
You barely miss the ogre.
The ogre is severely wounded.
The ogre barely misses you.
You hit the ogre.
The ogre is severely wounded.
The ogre misses you.
You hit the ogre.
The ogre is almost dead.
The ogre barely misses you.
You hit the ogre but do no damage.
The ogre is almost dead.
The ogre hits you with a +0 giant spiked club!!
Ouch! That really hurt!
You are too injured to fight recklessly!
You are too injured to fight recklessly!
You hit the ogre.
The ogre is almost dead.
The ogre hits you with a +0 giant spiked club!!
Ouch! That really hurt!
You die...

#### ##...
#####8...
#...#∩...
#.###8...
#.#.##...###
#.#.....O@.# #
####.########.#.#
#...............#
#.##.########.###
#.##.#...# #.#
#.##.#.#.# #..
#.##.#.#.########
#.##...#........#
#.#############.#


You could see an ogre.

Vanquished Creatures
  An ice beast (D:6)
  A kobold brigand (Sewer)
  An orc wizard (D:3)
  4 adders
  6 river rats
  2 worms
  2 dart slugs
  9 orcs (D:3)
  9 ball pythons
  8 endoplasms
  5 giant cockroaches
  6 goblins
  5 hobgoblins
  2 jackals (D:1)
  2 quokkas (D:1)
  9 bats
  2 frilled lizards
  23 kobolds
  28 rats
125 creatures vanquished.

Notes
Turn   | Place    | Note
-------+----------+-------------------------------------------
     0 | D:1      | bande the Gargoyle Fighter began the quest for the Orb.
     0 | D:1      | Reached XP level 1. HP: 14/14 MP: 1/1
    26 | D:1      | Reached XP level 2. HP: 14/19 MP: 2/2
   610 | D:1      | Reached XP level 3. HP: 23/23 MP: 3/3
   719 | D:1      | Learned a level 1 spell: Apportation
  1333 | D:2      | Found Wisis's Distillery.
  1340 | D:2      | Bought a potion of degeneration for 12 gold pieces
  1600 | D:2      | Found a faded altar of an unknown god.
  1618 | D:2      | Found a faded altar of an unknown god.
  1712 | D:3      | Found Kecs's General Store.
  1731 | D:3      | Reached XP level 4. HP: 28/29 MP: 4/4
  1851 | D:3      | Reached skill level 1 in Translocations
  1903 | D:3      | Found a broken altar of Ashenzari.
  1967 | D:3      | Reached XP level 5. HP: 33/33 MP: 5/5
  1989 | D:3      | Found a glowing drain.
  2009 | Sewer    | Entered a sewer
  2239 | Sewer    | Noticed a kobold brigand
  2247 | Sewer    | Killed a kobold brigand
  2248 | Sewer    | Reached XP level 6. HP: 27/38 MP: 6/6
  2792 | D:3      | You fall into a shaft and drop 3 floors!
  2815 | D:6      | Noticed an ice beast
  2823 | D:6      | Killed an ice beast
  2891 | D:6      | Found Mubotzas's General Store.
  2903 | D:6      | Slain by an ogre

Illustrated notes

Levels and vault maps discovered:
D:1:      co_arrival_square_in_a_square_in_a_square, layout_basic,
          serial_corexii_hall, chequers_hall_statues_wall_a,
          corexii_hall_statues_i
D:2:      layout_loops_ring, serial_shops, nicolae_shop_hallway_plus,
          hellmonk_ecumenical_altar_the_god_not_taken
D:3:      layout_basic, ashenzari_altar_1, portal_sewer_entry_a, serial_shops,
          nicolae_shop_temple_entry_statues_fountains, st_stairs_10,
          kennysheep_boxes, uniq_natasha
D:6:      layout_basic, nicolae_specific_store, uniq_prince_ribbit1,
          uniq_menkaure

Skill      XL: |  1  2  3  4  5  6 |
---------------+-------------------+-----
Axes           | 2 3 4 |  4.6
Armour         | 4 |  4.3
Translocations | 1 2 |  2.2
Fighting       | 4 |  4.1
Shields        | 4 |  4.0

Action                     |  1- 3 |  4- 6 || total
---------------------------+-------+-------++-------
  Melee: War axe           |   111 |   167 ||   278
    Use: Scroll            |     4 |       ||     4
 Armour: Scale mail        |    59 |   105 ||   164
  Dodge: Dodged            |    62 |    85 ||   147
  Block: Buckler           |    26 |    40 ||    66

Table legend: (Time is in decaauts)
 A = Elapsed time spent in this place.
 B = Non-inter-level travel time spent in this place.
 C = Inter-level travel time spent in this place.
 D = Time resting spent in this place.
 E = Time spent auto-exploring this place.
 F = Levels seen in this place.
 G = Mean time per level.
                   A        B        C        D        E       F      G
               +--------+--------+--------+--------+--------+-----+--------+
         Total |   3046 |   3011 |     35 |    267 |   2005 |   5 |  609.2 |
       Dungeon |   2477 |   2442 |     35 |    267 |   1632 |   4 |  619.2 |
         Sewer |    569 |    569 |      0 |      0 |    373 |   1 |  569.0 |
               +--------+--------+--------+--------+--------+-----+--------+

Top non-repeatable levels by time:
     D:1: 991 daAuts
     D:2: 721 daAuts
     D:3: 647 daAuts
   Sewer: 569 daAuts
     D:6: 116 daAuts
